Map: Lightshade LE

Players

Scarlett

  • Race: Zerg Zerg

TIME (Oliveira) - Winner!

  • Race: Terran Terran

Event: DreamHack SC2 Masters 2021 Fall

VOD

Have the link to the VOD?

Description

Time

  • Played on: Sept. 9, 2021, 12:54 p.m.
  • Length: 15:20

All games in this series

Show
View Real Time Build Order
Export as new Build Order

Scarlett Zerg 

Build Orders: Hatch First, Lurkers 

Get SALT Encoding   

  12  0:00  Drone  
  13  0:12  Overlord  
  13  0:17  Drone  
  14  0:30  Drone x2  
  16  0:47  Hatchery  
  15  0:51  Drone  
  15  0:54  Drone  
  17  0:57  Drone  
  18  1:08  Extractor  
  17  1:12  Spawning Pool  
  17  1:16  Drone  
  17  1:18  Drone  
  18  1:28  Drone  
  19  1:39  Drone  
  20  1:51  Drone  
  21  1:59  Queen x2  
  21  2:01  Zergling x4  
  27  2:10  Drone  
  27  2:12  Overlord  
  28  2:20  Hatchery  
  27  2:23  Drone  
  28  2:30  Drone  
  28  2:32  Drone x2  
  31  2:37  Metabolic Boost  
  31  2:42  Queen  
  33  2:48  Overlord  
  33  2:52  Drone  
  33  2:54  Drone x2  
  36  3:05  Overlord  
  36  3:07  Drone x3  
  36  3:08  Drone  
  40  3:13  Queen  
  40  3:17  Drone  
  40  3:18  Drone  
  44  3:25  Queen  
  46  3:31  Drone  
  47  3:34  Queen  
  47  3:40  Zergling x6  
  52  3:44  Drone  
  52  3:45  Drone x4  
  57  3:53  Overlord  
  57  4:01  Drone, Overlord  
  58  4:08  Overlord  
  57  4:11  Queen  
  57  4:12  Drone x6  
  65  4:21  Zergling x8  
  65  4:23  Queen  
  71  4:28  Queen, Drone x3  
  76  4:36  Overlord  
  76  4:39  Baneling Nest, Drone  
  76  4:41  Spore Crawler  
  76  4:42  Drone x4  
  79  4:47  Spore Crawler  
  79  4:50  Spore Crawler  
  79  4:52  Overlord x2  
  77  4:59  Overlord  
  77  5:06  Overlord x2  
  77  5:10  Lair  
  77  5:12  Extractor  
  77  5:13  Extractor, Drone x4  
  79  5:16  Extractor  
  79  5:17  Extractor  
  79  5:18  Hatchery  
  79  5:20  Drone x4  
  80  5:25  Evolution Chamber  
  80  5:26  Evolution Chamber  
  74  5:29  Zergling x6  
  74  5:30  Drone  
  74  5:31  Drone  
  74  5:33  Drone x2  
  74  5:34  Drone  
  82  5:36  Queen  
  82  5:39  Zergling x4  
  82  5:41  Baneling x2  
  82  5:42  Drone  
  87  5:50  Drone x3  
  87  5:52  Zerg Ground Armor Level 1  
  87  5:53  Zerg Melee Weapons Level 1  
  90  6:03  Drone  
  90  6:04  Drone x2  
  92  6:06  Drone  
  92  6:07  Drone  
  95  6:11  Zergling x16  
  95  6:14  Centrifical Hooks  
  103  6:20  Baneling x3  
  103  6:24  Zergling x12  
  109  6:32  Hatchery  
  108  6:34  Drone x4  
  108  6:35  Drone x2  
  114  6:48  Drone x5  
  114  6:49  Overlord x2  
  114  6:50  Zergling x2  
  114  6:53  Baneling x8  
  120  6:55  Zergling x6  
  120  6:58  Overlord  
  120  7:00  Baneling x4  
  122  7:12  Zergling x18  
  131  7:23  Zergling x18  
  139  7:36  Drone x7  
  144  7:37  Hatchery  
  144  7:42  Baneling x6  
  144  7:43  Baneling x5  
  143  7:47  Zergling x14  
  145  7:57  Zergling x22  
  130  8:12  Zergling x18  
  126  8:13  Zergling x10  
  122  8:21  Zerg Melee Weapons Level 2, Zerg Ground Armor Level 2  
  122  8:23  Zergling x10  
  122  8:24  Zergling x4, Infestation Pit, Hydralisk Den  
  118  8:28  Zergling x2  
  118  8:29  Queen x3  
  118  8:30  Zergling x2  
  118  8:31  Baneling x10  
  124  8:35  Drone  
  124  8:37  Zergling x4  
  124  8:39  Zergling x8  
  131  8:44  Zergling x8  
  131  8:46  Baneling x6  
  131  8:47  Zergling x6  
  138  8:54  Zergling x2  
  138  8:55  Zergling x2  
  140  9:02  Zergling x16  
  146  9:03  Extractor  
  126  9:12  Zergling x18  
  126  9:13  Zergling x4  
  126  9:15  Baneling x9  
  136  9:18  Hive  
  136  9:19  Zergling x6  
  136  9:21  Lurker Den  
  136  9:24  Zergling x6  
  133  9:32  Drone x7  
  133  9:38  Baneling x13  
  140  9:39  Zergling x18  
  148  9:52  Zergling x12  
  153  9:54  Zergling x6  
  153  9:59  Zergling x2  
  155  10:04  Queen  
  155  10:08  Queen  
  155  10:09  Queen  
  139  10:15  Zergling x34  
  148  10:22  Hydralisk x3  
  142  10:32  Zergling x22  
  149  10:38  Drone  
  149  10:39  Drone x2  
  149  10:41  Extractor, Seismic Spines  
  149  10:42  Extractor, Zerg Ground Armor Level 3, Zerg Missile Weapons Level 1, Drone x2  
  152  10:43  Drone  
  152  10:44  Drone x3  
  152  10:45  Extractor  
  152  10:47  Extractor  
  154  10:51  Hydralisk  
  154  10:53  Overlord x3  
  154  10:54  Hatchery, Lurker  
  154  10:55  Baneling  
  154  10:56  Baneling x10  
  156  10:57  Baneling x13  
  156  11:04  Spore Crawler x2  
  155  11:07  Lurker  
  155  11:09  Lurker  
  156  11:17  Zergling x14  
  156  11:18  Zergling x28  
  176  11:30  Hydralisk  
  176  11:31  Zergling x18  
  164  11:34  Zergling x4  
  164  11:35  Zergling x4  
  164  11:38  Adaptive Talons, Hydralisk  
  163  11:40  Drone x4  
  167  11:49  Drone x3  
  167  11:50  Drone x3  
  167  11:51  Hydralisk x2  
  167  11:52  Lurker  
  167  11:53  Overlord x3  
  178  11:59  Lurker  
  178  12:15  Hydralisk  
  178  12:16  Zergling x2, Hydralisk x4  
  178  12:17  Zergling x22  
  198  12:23  Baneling x3  
  198  12:25  Baneling x8  
  198  12:28  Hatchery  
  196  12:30  Lurker x3  
  196  12:32  Grooved Spines  
  196  12:44  Lurker x4  
  190  13:09  Zergling x52, Extractor  
  190  13:11  Extractor  
  189  13:13  Zergling x18  
  186  13:24  Zergling x10  
  159  13:32  Hydralisk x8  
  159  13:43  Muscular Augments  
  159  13:46  Hydralisk x2  
  159  13:47  Hydralisk x8  
  177  13:50  Overseer x2  
  177  13:51  Overseer, Pneumatized Carapace  
  177  13:54  Hydralisk x5  
  177  13:55  Hatchery  
  183  13:57  Baneling  
  183  13:58  Baneling x6  
  183  13:59  Zergling x6  
  183  14:00  Zergling x2  
  185  14:10  Lurker x5  
  185  14:13  Drone x4  
  185  14:14  Drone x2  
  193  14:21  Lurker x3  
  155  14:32  Zergling x34  
  158  14:47  Lurker x4, Hydralisk x2  
  158  14:48  Zergling x14  
  173  14:57  Lurker x5  
  178  15:03  Overseer  
  162  15:10  Hatchery x2  
Show
View Real Time Build Order
Export as new Build Order

TIME Terran - Winner!

Build Orders: Reaper Expand, Hellion Banshee 

Get SALT Encoding   

  12  0:00  SCV  
  13  0:13  SCV  
  14  0:17  Supply Depot  
  14  0:25  SCV  
  15  0:38  SCV  
  15  0:40  Barracks  
  16  0:43  Refinery  
  16  0:51  SCV  
  17  1:03  SCV  
  18  1:15  SCV  
  19  1:27  Orbital Command  
  19  1:29  Reaper  
  20  1:39  Command Center  
  20  1:47  Supply Depot  
  20  1:53  SCV  
  21  2:01  Marine  
  21  2:05  SCV  
  23  2:10  Factory  
  23  2:17  SCV  
  24  2:23  Barracks Reactor  
  24  2:29  SCV  
  25  2:40  Command Center  
  25  2:42  SCV  
  26  2:51  Orbital Command  
  26  2:54  SCV  
  27  3:01  Starport  
  27  3:07  SCV  
  27  3:10  Hellion  
  27  3:11  Hellion  
  32  3:14  Barracks Tech Lab  
  32  3:19  Refinery, SCV  
  33  3:22  SCV  
  34  3:31  Hellion  
  34  3:33  SCV, Hellion  
  40  3:34  SCV  
  40  3:45  SCV, Banshee  
  40  3:48  SCV  
  45  3:53  Marine, Orbital Command  
  45  3:55  Hellion  
  48  3:58  SCV  
  48  3:59  Hellion  
  51  4:07  Supply Depot  
  51  4:08  SCV  
  52  4:10  SCV  
  52  4:17  Hellion  
  55  4:18  SCV  
  55  4:19  Barracks Tech Lab  
  55  4:20  SCV  
  55  4:21  Hellion  
  55  4:22  SCV  
  60  4:30  Supply Depot  
  60  4:31  SCV  
  61  4:32  SCV  
  61  4:34  SCV  
  61  4:36  Starport Reactor  
  61  4:37  Marine, Stimpack  
  64  4:43  SCV  
  64  4:44  SCV, Barracks  
  66  4:46  SCV  
  66  4:49  Refinery  
  66  4:50  Barracks  
  67  4:53  Siege Tank  
  67  4:54  Supply Depot  
  67  4:55  SCV  
  67  4:57  Marine  
  67  4:59  Supply Depot  
  72  5:03  SCV  
  72  5:06  SCV  
  74  5:08  Engineering Bay  
  74  5:09  Engineering Bay  
  75  5:14  Refinery  
  75  5:15  Orbital Command  
  75  5:16  Marine, SCV  
  75  5:19  Supply Depot  
  76  5:21  Starport Reactor  
  76  5:27  SCV  
  75  5:30  Siege Tank  
  75  5:33  Marine x2  
  75  5:34  Marine  
  81  5:36  SCV  
  81  5:37  Barracks  
  81  5:38  Barracks  
  81  5:39  SCV  
  83  5:43  Terran Infantry Armor Level 1, Terran Infantry Weapons Level 1  
  83  5:46  SCV  
  83  5:47  Marine  
  83  5:48  SCV  
  86  5:51  Marine x3  
  86  5:53  SCV  
  86  5:56  Marine  
  91  5:58  Medivac  
  91  5:59  Supply Depot, Medivac  
  91  6:00  SCV x2  
  97  6:05  Marine  
  97  6:08  SCV  
  99  6:11  Marine x2  
  99  6:15  Barracks  
  99  6:16  Barracks  
  99  6:17  Combat Shield  
  101  6:20  Barracks  
  101  6:21  SCV x2  
  101  6:25  Barracks Reactor x2  
  103  6:28  SCV  
  103  6:29  Marine, Armory  
  103  6:32  Supply Depot  
  105  6:33  Marine  
  105  6:35  Marine  
  105  6:37  Supply Depot  
  105  6:39  Marine  
  108  6:42  SCV  
  108  6:45  Supply Depot  
  114  6:54  SCV x3, Siege Tank  
  114  6:55  Marine  
  114  6:56  Marine  
  114  6:58  Medivac x2  
  121  7:03  Marine x2  
  121  7:04  Marine x2  
  121  7:06  Marine x3  
  121  7:07  Marine, SCV x2  
  131  7:10  Supply Depot  
  131  7:11  Supply Depot  
  131  7:14  Marine x2  
  133  7:27  Supply Depot  
  133  7:31  Marine x3, Command Center  
  133  7:33  Marine  
  133  7:35  Marine x2  
  133  7:36  Refinery  
  137  7:37  Marine x2  
  137  7:38  Marine x2  
  141  7:44  SCV x2  
  141  7:45  Marine, Terran Infantry Armor Level 2, Terran Infantry Weapons Level 2  
  143  7:54  Marine  
  143  7:56  Marine x3  
  143  7:57  Marine x2  
  119  7:59  Marine x2  
  119  8:00  Siege Tank  
  119  8:01  Medivac x2  
  128  8:05  Marine  
  128  8:06  SCV  
  128  8:09  Marine x3  
  128  8:12  Marine  
  129  8:14  Marine x3  
  129  8:17  Marine  
  129  8:19  Marine  
  128  8:24  Marine x2  
  128  8:25  SCV x3  
  128  8:26  Marine  
  114  8:27  Marine x2  
  114  8:28  Marine  
  114  8:33  Marine  
  118  8:34  Marine  
  118  8:36  Siege Tank  
  118  8:37  SCV  
  118  8:38  SCV  
  118  8:39  SCV  
  125  8:41  Medivac x2  
  129  8:50  Marine x6  
  129  8:51  SCV x2  
  129  8:55  Marine x2  
  137  8:57  Marine  
  137  8:59  Marine x2  
  142  9:09  Marine  
  118  9:10  Marine  
  118  9:11  Marine x5  
  118  9:13  Marine, Siege Tank  
  118  9:14  Medivac x2  
  118  9:15  SCV x2  
  131  9:25  Marine x4  
  131  9:27  Marine  
  131  9:28  Marine x2, SCV x2  
  131  9:29  Marine  
  138  9:33  SCV  
  139  9:39  Marine x3  
  139  9:43  Marine  
  139  9:45  Marine x2  
  143  9:48  Factory  
  143  9:50  Marine  
  143  9:54  Marine  
  143  9:56  SCV  
  143  9:58  SCV  
  144  10:01  Marine x2  
  144  10:02  SCV  
  144  10:05  Marine  
  133  10:14  Marine x2  
  133  10:15  SCV  
  133  10:16  SCV  
  133  10:17  Terran Infantry Armor Level 3, Terran Infantry Weapons Level 3  
  133  10:19  Barracks Tech Lab x2  
  133  10:21  Marine x2  
  123  10:30  Marine  
  123  10:31  SCV, Planetary Fortress  
  123  10:32  Marine x3  
  123  10:33  Factory Reactor, Siege Tank  
  129  10:38  SCV x2  
  129  10:39  Marauder  
  129  10:40  Marauder  
  129  10:41  Concussive Shells  
  135  10:43  Sensor Tower  
  135  10:44  Barracks Tech Lab  
  135  10:47  Liberator  
  138  10:50  Liberator  
  138  10:52  Marine x2  
  138  10:53  Marine x2  
  138  10:54  Marine x2  
  138  10:56  Marine x2  
  149  11:01  Refinery  
  149  11:05  Marauder  
  149  11:06  Marauder  
  153  11:14  Command Center  
  153  11:15  Supply Depot  
  153  11:16  Marine x2  
  153  11:17  Supply Depot, Widow Mine x2  
  159  11:26  Siege Tank, Marauder x2  
  160  11:36  Marine  
  160  11:37  SCV  
  160  11:44  SCV  
  160  11:45  SCV  
  162  11:48  Supply Depot  
  162  11:49  Ghost Academy  
  162  11:50  Refinery, Supply Depot x2, Marine x2  
  164  12:00  Supply Depot  
  164  12:01  Supply Depot  
  164  12:06  Marine, Widow Mine  
  164  12:07  Marine  
  164  12:08  Marine  
  164  12:09  Marauder  
  164  12:10  Marine, Marauder x3  
  164  12:11  Marine x2  
  164  12:15  Siege Tank  
  174  12:17  Marine x2  
  176  12:23  Personal Cloaking  
  176  12:27  Refinery  
  176  12:29  Sensor Tower  
  172  12:30  Ghost  
  172  12:31  Ghost x2  
  172  12:33  Marine x2  
  180  12:39  Ghost  
  180  12:42  Marine  
  183  12:47  Widow Mine x2, Medivac  
  189  12:57  SCV  
  187  12:58  Ghost  
  163  13:15  SCV x3  
  156  13:23  Ghost  
  156  13:24  Marine x2  
  156  13:30  Ghost  
  156  13:32  Marine  
  156  13:33  Marine x3  
  159  13:34  Widow Mine x2  
  159  13:35  Liberator x2  
  159  13:36  Widow Mine  
  160  13:46  SCV x4  
  162  13:50  Marine x3  
  162  13:51  Marine, Ghost  
  162  13:53  Planetary Fortress  
  164  13:58  SCV x2  
  164  14:04  Marine  
  164  14:06  Marine x2, Marauder  
  169  14:10  Widow Mine x2  
  169  14:12  Widow Mine  
  155  14:37  Marine x2, Marauder  
  156  14:43  Ghost x3  
  156  14:45  Marine x3  
  156  14:47  Widow Mine x2  
  156  14:51  Marine x3, Widow Mine  
  171  14:54  Marine  
  171  14:55  Marine  
  171  14:58  Marine, SCV x2, Missile Turret  

Tags
 
Add a new tag
Caveats
  • Supply blocks, unpowered buildings, or Contaminate may cause inaccurate times.
  • Supply counts are checked every 10 seconds.